 Dungeon Crawl Stone Soup version 0.26.1-11-gd32895ea62 (webtiles) character file.

Game seed: 14808768090411400498

11310 raph the Impaler (level 11, -2/87 HPs)
             Began as a Merfolk Gladiator on Apr 17, 2021.
             Was a Priest of Qazlal.
             Slain by a black mamba (15 damage)
             ... on level 2 of the Lair of Beasts.
             The game lasted 00:19:40 (12488 turns).

raph the Impaler (Merfolk Gladiator)               Turns: 12488, Time: 00:19:40

Health: -2/87      AC: 11    Str: 21    XL:     11   Next: 75%
Magic:  16/16      EV: 20    Int:  8    God:    Qazlal [***...]
Gold:   483        SH:  4    Dex: 18    Spells: 10/15 levels left

rFire    . . .     SeeInvis .   a - +0 halberd
rCold    . . .     Faith    .   (shield currently unavailable)
rNeg     . . .     Spirit   .   t - +0 leather armour
rPois    .         Reflect  .   c - +1 helmet
rElec    .         Harm     .   u - +1 cloak (curse)
rCorr    .         Rampage  .   m - +1 pair of gloves
Will     .....                  v - +1 pair of boots
Stlth    +.........             (no amulet)
HPRegen  0.24/turn              K - +6 ring of strength
MPRegen  0.15/turn              C - +4 ring of slaying

@: lethally poisoned (-2 -> -16)
A: change form in water, swift swim, stealthy swim
a: Renounce Religion, Upheaval, Elemental Force


You were on level 2 of the Lair of Beasts.
You worshipped Qazlal.
Qazlal was most pleased with you.
You visited 2 branches of the dungeon, and saw 13 of its levels.

You collected 723 gold pieces.
You spent 240 gold pieces at shops.

Inventory:

Hand Weapons
 a - a +0 halberd (weapon)
 b - a +2 trident
 I - a +1 trident of protection
Missiles
 d - 2 throwing nets (quivered)
 P - 7 javelins
Armour
 c - a +1 helmet (worn)
 m - a +1 pair of gloves (worn)
 p - a +0 cloak
 t - a +0 leather armour (worn)
 u - a cursed +1 cloak (worn)
 v - a +1 pair of boots (worn)
Jewellery
 q - an uncursed ring of protection from cold
 y - an uncursed ring of protection from cold
 C - a +4 ring of slaying (right hand)
 D - an uncursed ring of wizardry
 K - a +6 ring of strength (left hand)
 O - a +6 ring of strength
 Q - an uncursed ring of ice
Wands
 E - a wand of disintegration (14)
 F - a wand of iceblast (7)
 L - a wand of polymorph (11)
 M - a wand of acid (10)
Scrolls
 i - 2 scrolls of fog
 k - 3 scrolls of remove curse
 l - 10 scrolls of teleportation
 r - a scroll of identify
 s - 2 scrolls of enchant weapon
 w - 5 scrolls of amnesia
Potions
 e - 3 potions of curing
 f - 3 potions of might
 g - 4 potions of haste
 h - 2 potions of invisibility {unknown}
 j - 3 potions of lignification {unknown}
 n - 4 potions of brilliance {unknown}
 o - 4 potions of flight {unknown}
 x - a potion of berserk rage {unknown}
 z - 2 potions of attraction {unknown}
 A - a potion of resistance {unknown}
 B - 2 potions of ambrosia {unknown}
 H - a potion of mutation {unknown}
 J - a potion of magic {unknown}


   Skills:
 + Level 8.3 Fighting
 - Level 16.0 Polearms
 - Level 2.0 Throwing
 + Level 10.3 Dodging
 + Level 2.6 Spellcasting
 + Level 2.4 Necromancy
 + Level 2.4 Translocations
 + Level 2.3 Air Magic
 + Level 7.9 Invocations


You had 10 spell levels left.
You knew the following spells:

 Your Spells              Type           Power        Failure   Level
a - Blink                 Tloc           N/A          22%         2
b - Swiftness             Air            4%           22%         2
c - Animate Skeleton      Necr           8%           14%         1

Your spell library contained the following spells:

 Spells                   Type           Power        Failure   Level
 Pain                     Necr           16%          14%         1
 Shock                    Conj/Air       8%           24%         1
 Poisonous Vapours        Pois/Air       4%           34%         2
 Magic Dart               Conj           4%           36%         1
 Sting                    Tmut/Pois      4%           36%         1
 Summon Small Mammal      Summ           4%           36%         1
 Vampiric Draining        Necr           2%           38%         3
 Call Imp                 Summ           1%           52%         2
 Slow                     Hex            1%           52%         2
 Static Discharge         Conj/Air       2%           56%         3
 Mephitic Cloud           Conj/Pois/Air  2%           63%         3
 Conjure Flame            Conj/Fire      1%           75%         3
 Ignite Poison            Fire/Tmut/Pois 1%           75%         3
 Animate Dead             Necr           2%           80%         4
 Airstrike                Air            2%           82%         4
 Olgreb's Toxic Radiance  Pois           1%           98%         4
 Agony                    Necr           4%           98%         5
 Lightning Bolt           Conj/Air       1%           100%        5


Dungeon Overview and Level Annotations

Branches:
Dungeon (11/15)            Temple (0/1) D:7            Lair (2/6) D:11
  Swamp (0/4) Lair:2          Orc (0/2) D:11
  Snake: Lair:2-4    Spider: Lair:2-4

Altars:
Ashenzari
Cheibriados
Hepliaklqana
Kikubaaqudgha
Makhleb
Qazlal
Ru
Sif Muna
Trog
Vehumet
Xom
Yredelemnul

Shops:
D:4 =::   D:6 :


Message History

You slash the plant!
The plant begins to die.
The plant is lightly damaged.
You block the black mamba's attack.
You slash the black mamba!
The black mamba is lightly wounded.
You block the black mamba's attack.
You hit the black mamba.
The black mamba is moderately wounded.
You block the black mamba's attack.
You closely miss the black mamba.
The black mamba is moderately wounded.
The black mamba bites you.
* * * LOW HITPOINT WARNING * * *
You are lethally poisoned!
The black mamba poisons you! The black mamba closely misses you.
You barely miss the black mamba.
The black mamba is moderately wounded.
* * * LOW HITPOINT WARNING * * *
You feel sick.
A nearby plant withers and dies.
The black mamba bites you!
You die...

**,,***,,,,,**...*.#.....#*..#*##
,,,,,*,,,,,,,*#.###......#,,..,,*
*,,,***,,,,,**#..##......#*,...,,
,,,,,,*,,,,,,*#...#......##..,..,
,,,,***,,,,,,*#..###.........,,,*
**,,**,,,,,,**#..##P......#,,,,,*
**,****,,,,,**#.###......#,,*****
***,* *,,,,^,###S###.....##.*****
***,***,,,..##..@###.........,,,,
,,,,,,,,,.....P.○............,,,,
,,,,,,,,,....................,,,,
,,,,,,,,,....................,,,,
,,,,,,,,,.....#.###.P....?##.*,**
,,,,,,,,,.....#.,*.#......#*,,,*,
*+,,,,,*,...##..,...#.....P#,,,,+
,,,,,,,*,...,#..,...,.......,,,,,
,,,,,,,,,,,,,#.,....*.....##,,,,,


You could see a black mamba.

Vanquished Creatures
  Erolcha (D:10)
  A hydra (D:11)
  A two-headed ogre (D:9)
  4 cyclopes (D:11)
  A black mamba (Lair:2)
  A troll (D:9)
  A polar bear (Lair:1)
  A hornet (D:7)
  Prince Ribbit (D:8)
  Grinder (D:6)
  2 shadows (D:11)
  A wyvern (D:11)
  10 yaks (D:10)
  A water moccasin (D:9)
  4 ice beasts
  A hornet zombie (D:11)
  A sky beast (D:11)
  3 ogres
  2 wolves (Lair:2)
  3 phantoms
  2 centaurs
  Blork the orc (D:4)
  2 big kobolds (D:8)
  8 bullfrogs
  A troll zombie (D:11)
  A scorpion (D:7)
  A water moccasin skeleton (D:8)
  11 wights
  A howler monkey (D:7)
  3 jellies
  2 hounds
  2 orc priests
  4 bullfrog skeletons
  A centaur skeleton (D:5)
  3 iguanas
  Natasha (twice) (D:2)
  15 orc wizards
  7 worker ants
  5 ogre zombies (D:11)
  A mummy (D:5)
  A hound skeleton (D:7)
  Robin (D:4)
  A worker ant zombie (D:11)
  A gnoll (D:1)
  7 adders
  3 white imps
  2 ufetubi
  2 oozes
  3 adder zombies
  An adder skeleton (D:6)
  A worm (D:3)
  The ghost of Torikoriko the Sneak, a weakling PaDe (D:6)
  3 dart slugs
  A leopard gecko (D:5)
  15 orcs
  6 bats
  A giant cockroach (D:2)
  10 goblins
  8 hobgoblins
  18 jackals
  7 quokkas
  4 frilled lizards
  2 goblin skeletons (D:11)
  2 goblin zombies (D:11)
  A hobgoblin skeleton (D:11)
  A hobgoblin zombie (D:11)
  17 kobolds
  6 orc skeletons (D:11)
  7 orc zombies (D:11)
  8 rats
255 creatures vanquished.

Vanquished Creatures (collateral kills)
  Urug (Lair:1)
1 creature vanquished.

Vanquished Creatures (others)
  A bush (Lair:2)
  4 fungi
  10 plants (Lair:2)
15 creatures vanquished.

Grand Total: 271 creatures vanquished

Notes
Turn   | Place    | Note
-------+----------+-------------------------------------------
     0 | D:1      | raph the Merfolk Gladiator began the quest for the Orb.
     0 | D:1      | Reached XP level 1. HP: 16/16 MP: 1/1
   260 | D:1      | Reached skill level 5 in Polearms
   304 | D:1      | Reached XP level 2. HP: 22/22 MP: 2/2
   413 | D:1      | Reached skill level 6 in Polearms
   413 | D:1      | Reached XP level 3. HP: 27/27 MP: 3/3
  1049 | D:2      | Reached XP level 4. HP: 30/33 MP: 4/4
  1052 | D:2      | Reached skill level 7 in Polearms
  1142 | D:2      | Found a stormy altar of Qazlal.
  1147 | D:2      | Became a worshipper of Qazlal Stormbringer
  1411 | D:2      | Noticed Natasha
  1432 | D:2      | Killed Natasha
  2022 | D:2      | Noticed Natasha
  2031 | D:2      | Killed Natasha
  2032 | D:2      | Reached skill level 8 in Polearms
  2032 | D:2      | Reached XP level 5. HP: 38/38 MP: 5/5
  2470 | D:3      | Found a sacrificial altar of Ru.
  2510 | D:3      | Found a burning altar of Makhleb.
  2512 | D:3      | Noticed a cacodemon
  2781 | D:3      | Reached * piety under Qazlal
  3013 | D:3      | Found a basalt altar of Yredelemnul.
  3013 | D:3      | Found a bloodstained altar of Trog.
  3318 | D:4      | Noticed Blork the orc
  3325 | D:4      | Killed Blork the orc
  3326 | D:4      | Reached skill level 9 in Polearms
  3326 | D:4      | Reached XP level 6. HP: 32/44 MP: 6/6
  3524 | D:4      | Found Roptir's Book Shop.
  3674 | D:4      | Found Tuschoo's Book Emporium.
  3689 | D:4      | Found a radiant altar of Vehumet.
  3700 | D:4      | Found an ancient bone altar of Kikubaaqudgha.
  3707 | D:4      | Found a shimmering blue altar of Sif Muna.
  3716 | D:4      | Noticed Robin
  3733 | D:4      | Killed Robin
  3817 | D:4      | Identified Sif Muna's Catalogue of Summoning
  3989 | D:4      | Reached skill level 10 in Polearms
  4377 | D:4      | Found Heoroafia's Jewellery Shoppe.
  4511 | D:5      | Entered Level 5 of the Dungeon
  4628 | D:5      | Reached XP level 7. HP: 47/50 MP: 7/7
  4769 | D:5      | Reached skill level 11 in Polearms
  4824 | D:5      | Found a broken altar of Ashenzari.
  5233 | D:5      | Found a snail-covered altar of Cheibriados.
  5533 | D:6      | Found a runed translucent door.
  5557 | D:6      | Noticed Torikoriko's ghost (weakling PaDe)
  5667 | D:6      | Killed Torikoriko's ghost
  5709 | D:6      | Noticed Grinder
  5729 | D:6      | Reached skill level 12 in Polearms
  5741 | D:6      | Paralysed by Grinder for 5 turns
  5754 | D:6      | Killed Grinder
  5755 | D:6      | Reached XP level 8. HP: 14/56 MP: 8/8
  6049 | D:6      | Found Kuhukuun's Book Shoppe.
  6059 | D:6      | Reached skill level 13 in Polearms
  6170 | D:6      | Found a hazy altar of Hepliaklqana.
  6259 | D:6      | Reached ** piety under Qazlal
  6487 | D:6      | Bought a book of Minor Magic for 240 gold pieces
  6490 | D:6      | Learned a level 2 spell: Blink
  6507 | D:7      | Noticed a hornet
  6516 | D:7      | Killed a hornet
  6517 | D:7      | Reached skill level 1 in Invocations
  6924 | D:7      | Reached skill level 14 in Polearms
  7050 | D:7      | Found a staircase to the Ecumenical Temple.
  7098 | D:7      | Reached skill level 5 in Dodging
  7245 | D:7      | Reached XP level 9. HP: 64/64 MP: 10/10
  7287 | D:7      | Found a shimmering altar of Xom.
  8262 | D:8      | Reached *** piety under Qazlal
  8355 | D:8      | Reached skill level 15 in Polearms
  8613 | D:8      | Noticed Prince Ribbit
  8754 | D:8      | Killed Prince Ribbit
  8798 | D:9      | Noticed a two-headed ogre
  8809 | D:9      | Killed a two-headed ogre
  8810 | D:9      | Reached skill level 5 in Fighting
  8810 | D:9      | Reached XP level 10. HP: 49/74 MP: 13/13
  8952 | D:9      | Reached skill level 5 in Invocations
  9419 | D:9      | Reached skill level 16 in Polearms
  9995 | D:10     | Entered Level 10 of the Dungeon
 10016 | D:10     | Noticed Erolcha
 10025 | D:10     | Killed Erolcha
 10195 | D:10     | Learned a level 2 spell: Swiftness
 10405 | D:10     | Learned a level 1 spell: Animate Skeleton
 10614 | D:10     | Reached XP level 11. HP: 84/84 MP: 16/16
 10931 | D:11     | Reached **** piety under Qazlal
 10935 | D:11     | Reached skill level 1 in Necromancy
 10939 | D:11     | Reached skill level 1 in Spellcasting
 10939 | D:11     | Reached skill level 1 in Translocations
 10939 | D:11     | Reached skill level 1 in Air Magic
 11117 | D:11     | Found a staircase to the Orcish Mines.
 11243 | D:11     | Noticed a cyclops
 11255 | D:11     | Killed a cyclops
 11374 | D:11     | Noticed a cyclops
 11380 | D:11     | Killed a cyclops
 11420 | D:11     | Noticed an eight-headed hydra
 11421 | D:11     | Noticed a cyclops
 11425 | D:11     | Killed an eight-headed hydra
 11426 | D:11     | Reached skill level 10 in Dodging
 11430 | D:11     | Killed a cyclops
 11737 | D:11     | Noticed a cyclops
 11751 | D:11     | Killed a cyclops
 11774 | D:11     | Found a staircase to the Lair.
 12122 | Lair:1   | Entered Level 1 of the Lair of Beasts
 12222 | Lair:1   | Noticed Urug
 12232 | Lair:1   | Killed Urug
 12391 | Lair:1   | You fall into a shaft and drop 1 floor!
 12391 | Lair:2   | Noticed a six-headed hydra
 12394 | Lair:2   | Found a staircase to the Swamp.
 12419 | Lair:2   | Noticed a boulder beetle
 12440 | Lair:2   | HP: 4/86 [black mamba (8)]
 12488 | Lair:2   | Slain by a black mamba

Illustrated notes

Levels and vault maps discovered:
D:1:      lightli_arrival_lavapool, layout_basic, chequers_big_river
D:2:      layout_loops_corners, overflow_temple_1_default, uniq_natasha
D:3:      layout_basic, nicolae_ru_awakened_eye, makhleb_altar_promises_db,
          gammafunk_temple_overflow_statue
D:4:      layout_loops_ring, grunt_temple_overflow_magic_moments, serial_shops,
          shop, shop, shop, uniq_blork_the_orc, uniq_robin
D:5:      layout_basic, ashenzari_altar_1, slow_altar_2, serial_bayou_pond_c
D:6:      layout_rooms, lemuel_coloured_pillars_altar,
          ebering_ghost_reflecting_pool, serial_shops, nicolae_shop_statue_plus,
          uniq_grinder
D:7:      layout_basic, minmay_temple_entry_crystal_x, basic_altar,
          serial_glass, glass_columns_c, glass_columns_b, glass_columns_c,
          glass_columns_a, glass_columns_b, glass_columns_c
D:8:      layout_cave_pods, uniq_prince_ribbit1
D:9:      layout_loops_ring, nicolae_overflow_hidden_temple, serial_aquarium,
          aquarium_bridge_long_separate [aquarium_subvault_balcony,
          aquarium_subvault_wall, aquarium_subvault_bridge,
          aquarium_subvault_bridge, aquarium_subvault_window,
          aquarium_subvault_wall], aquarium_window_fake, aquarium_window_3,
          aquarium_window_1, aquarium_window_fake, aquarium_view_4,
          aquarium_view_2c, aquarium_pool_five
D:10:     minmay_flawed_box, layout_loops_ring, uniq_erolcha
D:11:     layout_roguey, lair_entry_dummy, zombieorc1_lemuel,
          hangedman_decor_slide_cut
Lair:1:   layout_big_grid, minmay_lair_oklob_items, uniq_urug
Lair:2:   layout_regular_city, minmay_swamp_entry_worms, grunt_megastairs_3

Skill      XL: |  1  2  3  4  5  6  7  8  9 10 11 |
---------------+----------------------------------+-----
Polearms       | 5 6 8 9 10 12 14 15 16 | 16.0
Invocations    | 2 4 7 |  7.9
Fighting       | 3 5 7 8 |  8.3
Dodging        | 5 7 9 10 | 10.3
Necromancy     | 2 |  2.4
Spellcasting   | 2 |  2.6
Translocations | 2 |  2.4
Air Magic      | 2 |  2.3
Throwing       | |  2.0

Action                   |  1- 3 |  4- 6 |  7- 9 | 10-12 || total
-------------------------+-------+-------+-------+-------++-------
Melee: Trident           |    98 |   187 |    18 |     3 ||   306
       Halberd           |       |       |   280 |   326 ||   606
Throw: Throwing net      |       |     1 |     2 |       ||     3
Invok: Upheaval          |       |       |       |     2 ||     2
       Elemental Force   |       |       |       |     2 ||     2
  Use: Scroll            |       |     9 |     2 |    10 ||    21
       Potion            |       |       |       |     1 ||     1
 Stab: Sleeping          |     2 |     1 |       |       ||     3
Armor: Leather armour    |    18 |    23 |    43 |    36 ||   120
Dodge: Dodged            |    53 |    96 |   110 |   128 ||   387
       Repelled          |       |       |       |     2 ||     2
Block: Other             |       |     5 |    17 |    29 ||    51
